 Dungeon Crawl Stone Soup version 0.29.1-1-gd02db6906a (webtiles) character file.

Game seed: 14465262204276926429

6 Ashen the Chiller (level 1, -1/13 HPs)
             Began as a Demonspawn Ice Elementalist on Oct 18, 2022.
             Slain by a kobold
             ... wielding a +0 short sword
              (4 damage)
             ... on level 1 of the Dungeon.
             The game lasted 00:00:17 (178 turns).

Ashen the Chiller (Demonspawn Ice Elementalist)      Turns: 178, Time: 00:00:19

Health: -1/13      AC:  2    Str:  8    XL:     1   Next: 75%
Magic:  0/3        EV: 12    Int: 16    God:
Gold:   9          SH:  0    Dex: 13    Spells: 3/4 levels left

rFire   . . .      SeeInvis .   (no weapon)
rCold   . . .      Faith    .   (no shield)
rNeg    . . .      Spirit   .   a - +0 robe
rPois   .          Reflect  .   (no helmet)
rElec   .          Harm     .   (no cloak)
rCorr   .          Rampage  .   (no gloves)
Will    .....                   (no boots)
Stlth   ++........              (no amulet)
HPRegen 0.04/turn               (no ring)
MPRegen 0.08/turn               (no ring)

@: no status effects
A: no striking features
a: no special abilities


You were on level 1 of the Dungeon.
You visited 1 branch of the dungeon, and saw 1 of its levels.

You collected 9 gold pieces.

Inventory:

Armour
 a - a +0 robe (worn)
Potions
 b - a potion of magic


   Skills:
 + Level 1.9 Dodging
 + Level 1.9 Stealth
 + Level 2.1 Spellcasting
 + Level 3.7 Ice Magic


You had 3 spell levels left.
You knew the following spells:

 Your Spells              Type           Power      Damage    Failure   Level
a - Freeze                Ice            52%        1d7       4%          1

Your spell library contained the following spells:

 Spells                   Type           Power      Damage    Failure   Level
 Frozen Ramparts          Ice            26%        1d4       14%         3
 Ozocubu's Armour         Ice            13%        N/A       14%         3
 Hailstorm                Conj/Ice       7%         3d4       67%         4


Dungeon Overview and Level Annotations

Branches:
Dungeon (1/15)

Altars:


Message History

Confirm with . or Enter, or press ? or * to list all spells.
Aiming: Freeze (safe; 4% risk of failure)
Press: ? - help, Shift-Dir - straight line, f - frilled lizard
Aim: a frilled lizard You freeze the frilled lizard!
You kill the frilled lizard!
The endoplasm attacks as you move away!
The endoplasm hits you but does no damage.
Things that are here:
a +0 club; a stone; a kobold corpse You hit the endoplasm but do no damage.
The endoplasm freezes you.
You are frozen.
You hit the endoplasm but do no damage. The endoplasm closely misses you.
You hit the endoplasm but do no damage. The endoplasm freezes you.
You are frozen.
You hit the endoplasm.
The endoplasm is moderately wounded.
The endoplasm freezes you.
You are frozen.
You hit the endoplasm but do no damage.
The endoplasm is moderately wounded.
The endoplasm hits you but does no damage.
You hit the endoplasm.
The endoplasm is heavily wounded.
The endoplasm freezes you.
You are frozen.
* * * LOW HITPOINT WARNING * * *
Casting: Freeze (safe; 4% risk of failure)
Confirm with . or Enter, or press ? or * to list all spells.
Aiming: Freeze (safe; 4% risk of failure)
Press: ? - help, Shift-Dir - straight line, f - endoplasm
Aim: an endoplasm (heavily wounded)
You freeze the endoplasm.
You kill the endoplasm!
You closely miss the kobold. The kobold hits you but does no damage.
You hit the kobold but do no damage.
The kobold hits you with a +0 short sword.
You die...

.....##.....###
.#.#.#.........
............##
.#.#.........#
.............#
.............# ####+#+####
...........†.# #.........#
.###.......#.###..#.8○#..##.
#......##JK@....§○°○....
#.J...#######.....○○..#
...##### #..#...#..# ..#.
#.........# ..# #.........#
#..#...#..# #.........#
#.........# #....<....#


You could see an endoplasm and a kobold.

Vanquished Creatures
  2 endoplasms (D:1)
  A hobgoblin (D:1)
  A frilled lizard (D:1)
  A kobold (D:1)
  A rat (D:1)
6 creatures vanquished.

Notes
Turn   | Place    | Note
-------+----------+-------------------------------------------
     0 | D:1      | Ashen the Demonspawn Ice Elementalist began the quest for
                  | the Orb.
     0 | D:1      | Reached XP level 1. HP: 13/13 MP: 3/3
   178 | D:1      | Slain by a kobold

Illustrated notes

Levels and vault maps discovered:
D:1:      shiori_arrival_oz, layout_loops_ring, serial_shops,
          nicolae_shop_behind_doors, basic_ecumenical_altar, st_stairs_3

Action                   || total
-------------------------++-------
Melee: Unarmed           ||    10
 Cast: Freeze            ||     7
Armor: Robe              ||     4
Dodge: Dodged            ||     3
